 Dungeon Crawl Stone Soup version 0.26-a0-597-gb535b0901c (webtiles) character file.

Game seed: 12762851809919228409

79 Fingolfin the Skirmisher (level 4, 0/48 HPs)
             Began as a Troll Monk on Sept 6, 2020.
             Was a Believer of Yredelemnul.
             Slain by a gnoll
             ... wielding a +0 flail
              (7 damage)
             ... on level 2 of the Dungeon.
             The game lasted 00:04:31 (1274 turns).

Fingolfin the Skirmisher (Troll Monk)               Turns: 1274, Time: 00:04:32

Health: 0/48       AC:  6    Str: 19    XL:     4   Next: 17%
Magic:  1/3        EV: 10    Int:  7    God:    Yredelemnul [**....]
Gold:   70         SH:  0    Dex: 12    Spells: 3/3 levels left

rFire    . . .     SeeInvis +   a - +0 mace
rCold    . . .     Faith    .   (no shield)
rNeg     . . .     Spirit   .   b - +0 robe
rPois    .         Reflect  .   (helmet restricted)
rElec    .         Harm     .   (no cloak)
rCorr    .                      (gloves unavailable)
MR       .....                  (boots unavailable)
Stlth    ++........             (no amulet)
HPRegen  0.56/turn              k - ring of see invisible
MPRegen  0.08/turn              (no ring)

@: no status effects
A: large, unfitting armour, claws 3, regeneration 1, shaggy fur 1, tough skin 3
a: Animate Remains, Recall Undead Slaves, Injury Mirror, Renounce Religion


You were on level 2 of the Dungeon.
You worshipped Yredelemnul.
Yredelemnul was pleased with you.
You visited 1 branch of the dungeon, and saw 2 of its levels.

You collected 70 gold pieces.

Inventory:

Hand Weapons
 a - a +0 mace (weapon)
Missiles
 c - 43 stones (quivered)
 l - 6 javelins
Armour
 b - a +0 robe (worn)
Jewellery
 k - a ring of see invisible (left claw)
Scrolls
 d - 2 scrolls of amnesia
 e - 2 scrolls of magic mapping {unknown}
 f - a scroll of remove curse {unknown}
 h - 2 scrolls of enchant armour
 i - a scroll of blinking {unknown}
 m - a scroll of random uselessness {unknown}
 n - a scroll of teleportation {unknown}
Potions
 j - a potion of berserk rage {unknown}


   Skills:
 + Level 3.9 Fighting
 - Level 2.6 Maces & Flails
 - Level 2.4 Dodging
 - Level 1.0 Stealth
 + Level 1.1 Invocations


You had 3 spell levels left.
You didn't know any spells.
Your spell library was empty.

Dungeon Overview and Level Annotations

Branches:
Dungeon (2/15)

Altars:
Yredelemnul


Innate Abilities, Weirdness & Mutations

You are too large for most types of armour.
You have claws for hands.
Your natural rate of healing is unusually fast.
You are covered in fur. (AC +1)
You have extremely tough skin. (AC +3)


Message History

* * * LOW HITPOINT WARNING * * *
You hit the gnoll.
The gnoll is severely wounded.
Your goblin zombie hits the gnoll but does no damage.
The gnoll closely misses you.
You barely miss the gnoll.
The gnoll is severely wounded.
Your goblin zombie closely misses the gnoll.
The gnoll closely misses you.
You hit the gnoll but do no damage.
The gnoll is severely wounded.
Your goblin zombie hits the gnoll but does no damage.
The gnoll hits you with a +0 flail.
* * * LOW HITPOINT WARNING * * *
You closely miss the gnoll.
The gnoll is severely wounded.
Your goblin zombie closely misses the gnoll.
The gnoll hits you with a +0 flail!
You die...
Your body rises from the dead as a mindless zombie.

#.##############.#
#.....Z.ZZ.Z.....#
#<#...############
#..###.########### ###
##.# ##.##..)....#
##...#..######.#)#####.##
#>......##gg.....# #g..
........Zgbg.((..# #g.#
........@###..##.# #..#
##...###.# #.###.#####..#
.... #.....# #....gg..#
##. #.###.# ####g#.#.# #
... #.# #.#..#.# ... ...
..###.... ...#..# ##.
..... #.### # ##... #.#


You could see 2 gnolls, 2 hobgoblins, a bat and a friendly goblin zombie.

Vanquished Creatures
  An adder (D:2)
  2 gnolls (D:2)
  2 dart slugs (D:1)
  2 bats (D:1)
  A giant cockroach (D:1)
  2 gnoll zombies (D:2)
  9 goblins
  6 hobgoblins
  7 jackals (D:1)
  3 frilled lizards
  3 kobolds (D:1)
  4 rats
42 creatures vanquished.

Vanquished Creatures (collateral kills)
  A goblin (D:2)
  A hobgoblin (D:2)
  A frilled lizard (D:2)
3 creatures vanquished.

Vanquished Creatures (others)
  A frilled lizard zombie (D:2)
  2 goblin zombies (D:2)
  2 hobgoblin zombies (D:2)
5 creatures vanquished.

Grand Total: 50 creatures vanquished

Notes
Turn   | Place    | Note
-------+----------+-------------------------------------------
     0 | D:1      | Fingolfin the Troll Monk began the quest for the Orb.
     0 | D:1      | Reached XP level 1. HP: 22/22 MP: 0/0
   107 | D:1      | Reached XP level 2. HP: 29/29 MP: 1/1
   145 | D:1      | Reached skill level 3 in Fighting
   438 | D:1      | Reached XP level 3. HP: 32/37 MP: 2/2
   849 | D:2      | Found a basalt altar of Yredelemnul.
   858 | D:2      | Became a worshipper of Yredelemnul the Dark
   858 | D:2      | Reached * piety under Yredelemnul
   858 | D:2      | Reached ** piety under Yredelemnul
   909 | D:2      | Found a faded altar of an unknown god.
  1203 | D:2      | Reached skill level 1 in Invocations
  1203 | D:2      | Reached XP level 4. HP: 28/48 MP: 3/3
  1245 | D:2      | HP: 2/48 [gnoll/+0 flail (11)]
  1274 | D:2      | Slain by a gnoll

Illustrated notes

Levels and vault maps discovered:
D:1:      erik_arrival_triangle_small, layout_loops_ring
D:2:      layout_loops_ring, lemuel_zombie_altar_yredelemnul,
          chequers_ecumenical_altar_simple_redux

Skill      XL: |  1  2  3 |
---------------+----------+-----
Fighting       | 3 |  3.9
Invocations    | 1 |  1.1
Maces & Flails | |  2.6
Dodging        | |  2.4
Stealth        | |  1.0

Action                   |  1- 3 |  4- 6 || total
-------------------------+-------+-------++-------
Melee: Mace              |   139 |    27 ||   166
Invok: Animate Remains   |     5 |     1 ||     6
  Use: Scroll            |     3 |       ||     3
 Stab: Sleeping          |     4 |       ||     4
Armor: Robe              |    58 |     8 ||    66
Dodge: Dodged            |    80 |    19 ||    99

Table legend: (Time is in decaauts)
 A = Elapsed time spent in this place.
 B = Non-inter-level travel time spent in this place.
 C = Inter-level travel time spent in this place.
 D = Time resting spent in this place.
 E = Time spent auto-exploring this place.
 F = Levels seen in this place.
 G = Mean time per level.
                   A        B        C        D        E       F      G
               +--------+--------+--------+--------+--------+-----+--------+
         Total |   1367 |   1356 |     11 |     51 |    855 |   2 |  683.5 |
       Dungeon |   1367 |   1356 |     11 |     51 |    855 |   2 |  683.5 |
               +--------+--------+--------+--------+--------+-----+--------+

Top non-repeatable levels by time:
     D:1: 817 daAuts
     D:2: 550 daAuts
